 Dungeon Crawl Stone Soup version 0.30-a0-374-g95c0257040 (webtiles) character file.

Game seed: 4537546970706525396

2160 NinjaNoafa the Summoner (level 9, -6/37 HPs)
             Began as a Felid Summoner on Nov 25, 2022.
             Was an Initiate of Gozag.
             Mangled by a vampire mosquito (11 damage)
             ... on level 11 of the Dungeon.
             The game lasted 00:40:19 (13041 turns).

NinjaNoafa the Summoner (Felid Summoner)           Turns: 13041, Time: 00:40:20

Health: -6/37      AC:  2    Str:  4    XL:     9   Next: 10%
Magic:  0/24       EV: 19    Int: 28    God:    Gozag
Gold:   872        SH:  0    Dex: 16    Spells: 15/28 levels left
                                        Lives:  0   Deaths: 2

rFire   . . .      SeeInvis +    (weapon unavailable)
rCold   . . .      Faith    .    (shield unavailable)
rNeg    + . .      Spirit   +    (body armour unavailable)
rPois   .          Reflect  .    (helmet unavailable)
rElec   .          Harm     .    (cloak unavailable)
rCorr   .          Rampage  .    (gloves unavailable)
Will    +....                    (boots unavailable)
Stlth   ++........               c - amulet of guardian spirit
HPRegen 0.26/turn                p - +6 ring of intelligence
MPRegen 0.19/turn                A - ring of positive energy

@: quick
A: very small, claws 1, fangs 3, see invisible, speed 1, shaggy fur 2, stealthy
paws, no weapons or thrown items, no armour, multi-lived
a: Renounce Religion, Potion Petition, Call Merchant, Bribe Branch


You were on level 11 of the Dungeon.
You worshipped Gozag.
Gozag was pleased with you.
You visited 2 branches of the dungeon, and saw 12 of its levels.
You also visited: Sewer.

You collected 1250 gold pieces.
You paid 378 gold pieces to Gozag.

Inventory:

Jewellery
 c - an amulet of guardian spirit (around neck)
 p - a +6 ring of intelligence (left paw)
 A - a ring of positive energy (right paw)
 B - a ring of positive energy
Wands
 a - a wand of flame (19)
 s - a wand of acid (7)
 w - a wand of polymorph (4)
 y - a wand of iceblast (3)
Scrolls
 b - 4 scrolls of fog
 m - a scroll of blinking {unknown}
 n - 2 scrolls of magic mapping {unknown}
 u - 3 scrolls of amnesia {unknown}
 v - a scroll of poison
 z - 2 scrolls of immolation {unknown}
Potions
 d - 6 potions of curing
 g - a potion of invisibility
 h - a potion of haste
 j - 5 potions of flight
 o - a potion of attraction
 q - 3 potions of lignification {unknown}
 r - a potion of mutation {unknown}
 x - a potion of resistance


   Skills:
 + Level 3.0 Fighting
 + Level 5.0 Dodging
 - Level 2.6 Stealth
 - Level 10.0 Spellcasting
 - Level 5.0 Hexes
 - Level 10.0 Summonings
 - Level 7.0 Air Magic


You had 15 spell levels left.
You knew the following spells:

 Your Spells              Type           Power      Damage    Failure   Level
a - Summon Small Mammal   Summ           100%       N/A       1%          1
b - Call Imp              Summ           63%        N/A       1%          2
c - Call Canine Familiar  Summ           63%        N/A       1%          3
d - Summon Guardian Gole  Hex/Summ       54%        N/A       1%          3
e - Summon Lightning Spi  Summ/Air       57%        N/A       1%          4

Your spell library contained the following spells:

 Spells                   Type           Power      Damage    Failure   Level
 Slow                     Hex            100%       N/A       1%          1
 Confusing Touch          Hex            42%        N/A       1%          3
 Cigotuvi's Dreadful Rot  Necr/Pois/Air  54%        N/A       2%          2
 Kiss of Death            Conj/Necr      56%        2d9       4%          1
 Magic Dart               Conj           56%        1d5       4%          1
 Mephitic Cloud           Conj/Pois/Air  27%        N/A       4%          3
 Summon Mana Viper        Hex/Summ       54%        N/A       4%          5
 Summon Cactus Giant      Summ           31%        N/A       10%         6
 Vampiric Draining        Necr           14%        2d7       12%         3
 Leda's Liquefaction      Hex/Erth       14%        N/A       14%         4
 Summon Forest            Summ/Tloc      21%        N/A       14%         5
 Dispel Undead            Necr           14%        3d10      36%         4
 Death Channel            Necr           7%         N/A       99%         6
 Portal Projectile        Hex/Tloc       Unusable   N/A       N/A         3

Dungeon Overview and Level Annotations

Branches:
Dungeon (11/15)            Temple (1/1) D:6            Lair (0/5) D:11
  Sewer (visited)
    Orc: D:9-12

Altars:
Ashenzari
Cheibriados
Dithmenos
Elyvilon
Fedhas
Gozag
Hepliaklqana
Kikubaaqudgha
Makhleb
Nemelex Xobeh
Okawaru
Qazlal
Ru
Sif Muna
Trog
Uskayaw
Vehumet
Wu Jian
Xom
Yredelemnul
Zin
The Shining One

Shops:
D:3 [   D:5 (   D:10 [

Annotations:
D:10 2 transporters, Sonja


Innate Abilities, Weirdness & Mutations

You have sharp claws.
You have razor-sharp teeth.
You have supernaturally acute eyesight. (SInv)
You cover ground quickly. (Speed+)
You are covered in thick fur. (AC +2)
Your paws help you pounce on unaware monsters.
You are incapable of wielding weapons or throwing items.
You cannot wear armour.
You gain extra lives every three experience levels.


Message History

The vampire mosquito closely misses you.
The orc wizard barely misses your lightning spire.
Your lightning spire disappears in a puff of smoke!
The vampire mosquito is distracted by your dazzling golden aura.
There is an open door here.
There are no items here.
The vampire mosquito attacks as you move away!
The vampire mosquito misses you.
You see here 11 gold pieces.
You now have 872 gold pieces (gained 11).
The vampire mosquito closely misses you.
The vampire mosquito bites you!
The vampire mosquito draws strength from your injuries!
The vampire mosquito attacks as you move away!
The vampire mosquito completely misses you.
The vampire mosquito bites you.
Unknown command.
Unknown command.
The vampire mosquito attacks as you move away!
The vampire mosquito completely misses you.
There is an open door here.
The vampire mosquito attacks as you move away!
The vampire mosquito bites you. The vampire mosquito barely misses you.
The vampire mosquito attacks as you move away!
The vampire mosquito misses you. The vampire mosquito barely misses you.
Casting: Summon Guardian Golem (safe; 1% risk of failure)
Confirm with . or Enter, or press ? or * to list all spells.
The vampire mosquito bites you. The vampire mosquito barely misses you.
You open the door. The vampire mosquito bites you!
* * * LOW HITPOINT WARNING * * *
The vampire mosquito draws strength from your injuries!
The vampire mosquito closely misses you.
Your warg closely misses the vampire mosquito.
A troll comes into view.
Found a book of the Earth.
The centaur shoots an arrow.
The arrow hits your guardian golem.
There is an open door here.
The vampire mosquito bites you!
You die...
Your body crumbles into a pile of gold.

...........###......
...........'.#......
..$.....c..#.#......
######o####..$.....
#.9..# ###yo....
###h#### ##.####
#...# #ยง.#
###y###### ##...
#...@....# ###.
#..T.....#
#......:.+
+........#
#........#
#........#
#........#
#........#


You could see a troll and a vampire mosquito.

Vanquished Creatures
  An orc warrior (D:6)
  A bullfrog (D:8)
  2 adders
  A river rat (D:3)
  A ball python (Sewer)
  2 giant cockroaches (Sewer)
  2 jackals (Sewer)
  2 kobolds
  A rat (D:2)
13 creatures vanquished.

Vanquished Creatures (collateral kills)
  Amaemon (D:8)
  An orange demon (D:8)
  Psyche (D:8)
  An unseen horror zombie (D:8)
  A troll (D:11)
  Prince Ribbit (D:5)
  A hornet (D:7)
  Sigmund (D:2)
  2 wyverns
  Edmund (D:6)
  A steam dragon (D:8)
  An acid dragon (D:8)
  A water moccasin (D:5)
  A sky beast (D:8)
  A black bear (D:4)
  2 ogres
  5 centaurs
  A phantom (D:4)
  4 kobold brigands
  5 necrophages
  A wyvern zombie (D:8)
  2 bullfrogs
  3 gnoll sergeants
  2 scorpions
  13 wights
  4 killer bees (D:9)
  A howler monkey (D:9)
  6 orc priests
  A jelly (D:4)
  4 iguanas
  Terence (D:2)
  6 orc wizards
  A killer bee zombie (D:8)
  24 gnolls
  9 adders
  4 river rats
  3 white imps
  An ufetubus (D:5)
  6 worms
  4 dart slugs
  20 orcs
  4 endoplasms
  7 giant cockroaches
  6 goblins
  7 hobgoblins
  10 jackals
  5 quokkas
  12 ball pythons
  11 bats
  A frilled lizard (D:1)
  20 kobolds
  7 rats
239 creatures vanquished.

Vanquished Creatures (others)
  Joseph (D:8)
  An orc warrior (D:8)
  3 wights
  A killer bee (D:9)
  Crazy Yiuf (D:7)
  A gnoll bouda (D:6)
  2 orcs
  2 bushes (D:8)
  13 plants (D:8)
25 creatures vanquished.

Grand Total: 277 creatures vanquished

Notes
Turn   | Place    | Note
-------+----------+-------------------------------------------
     0 | D:1      | NinjaNoafa the Felid Summoner began the quest for the Orb.
     0 | D:1      | Reached XP level 1. HP: 7/7 MP: 4/4
   232 | D:1      | Reached XP level 2. HP: 11/11 MP: 6/6
   546 | D:1      | Reached XP level 3. HP: 14/14 MP: 2/8
   549 | D:1      | Learned a level 2 spell: Call Imp
  1228 | D:2      | Reached XP level 4. HP: 18/18 MP: 5/9
  1349 | D:2      | Noticed a necrophage
  1379 | D:2      | Killed a necrophage
  1380 | D:2      | Reached skill level 5 in Summonings
  1380 | D:2      | Reached XP level 5. HP: 17/21 MP: 1/11
  1681 | D:2      | Noticed Terence
  1697 | D:2      | Killed Terence
  2019 | D:2      | Noticed Sigmund
  2044 | D:2      | Killed Sigmund
  2045 | D:2      | Gained mutation: You are covered in thick fur. (AC +2)
                  | [Felid growth]
  2045 | D:2      | Reached XP level 6. HP: 24/24 MP: 4/13
  2397 | D:3      | You fall into a shaft and drop 1 floor!
  2644 | D:3      | Found a glowing drain.
  2669 | Sewer    | Entered a sewer
  2874 | Sewer    | Identified the +1 pair of gloves of Divine Compulsion {rN+
                  | Regen+ MP+9}
  2909 | Sewer    | Reached skill level 5 in Spellcasting
  3358 | Sewer    | Reached XP level 7. HP: 27/27 MP: 12/15
  3547 | D:3      | Found Puepsod's Armour Emporium.
  3646 | D:3      | Learned a level 3 spell: Call Canine Familiar
  4056 | D:3      | Found a snail-covered altar of Cheibriados.
  5476 | D:5      | Entered Level 5 of the Dungeon
  5501 | D:5      | Reached XP level 8. HP: 31/31 MP: 11/18
  5842 | D:5      | Noticed Prince Ribbit
  5879 | D:5      | Killed Prince Ribbit
  6010 | D:5      | Found Hariom's Weapon Emporium.
  6890 | D:6      | Learned a level 3 spell: Summon Guardian Golem
  7193 | D:6      | Found a staircase to the Ecumenical Temple.
  7204 | Temple   | Entered the Ecumenical Temple
  7296 | Temple   | Became a worshipper of Gozag Ym Sagoz the Greedy
  7334 | D:6      | Reached XP level 9. HP: 34/34 MP: 13/21
  7394 | D:6      | Noticed Edmund
  7482 | D:6      | Killed Edmund
  7627 | D:6      | Found a stormy altar of Qazlal.
  7627 | D:6      | Found a bloodstained altar of Trog.
  7635 | D:6      | Found a faded altar of an unknown god.
  7637 | D:6      | Found a hazy altar of Hepliaklqana.
  7639 | D:6      | Found a glowing silver altar of Zin.
  8194 | D:7      | Reached skill level 10 in Summonings
  8922 | D:7      | Found a runed translucent door.
  8923 | D:7      | Noticed Crazy Yiuf
  8940 | D:7      | Killed Crazy Yiuf
  9701 | D:8      | Found a burning altar of Makhleb.
  9707 | D:8      | Noticed Joseph
  9972 | D:8      | Found a blossoming altar of Fedhas.
 10032 | D:8      | Reached skill level 10 in Spellcasting
 10046 | D:8      | Reached skill level 1 in Hexes
 10161 | D:8      | Noticed Psyche
 10187 | D:8      | Killed Psyche
 10188 | D:8      | Reached skill level 5 in Hexes
 10188 | D:8      | Reached skill level 1 in Air Magic
 10188 | D:8      | Reached XP level 10. HP: 37/37 MP: 13/25
 10333 | D:8      | Learned a level 4 spell: Summon Lightning Spire
 10349 | D:8      | Noticed an orange demon
 10351 | D:8      | Noticed Amaemon
 10370 | D:8      | Killed an orange demon
 10385 | D:8      | Killed Amaemon
 10676 | D:8      | Reached skill level 5 in Air Magic
 11219 | D:8      | Killed Joseph
 11656 | D:9      | Found an ancient bone altar of Kikubaaqudgha.
 12033 | D:9      | Reached skill level 1 in Fighting
 12574 | D:10     | Entered Level 10 of the Dungeon
 12598 | D:10     | Found Nunkyet's Armour Shoppe.
 12662 | D:10     | Found a transporter.
 12671 | D:10     | Noticed a moth of wrath
 12678 | D:10     | Found a transporter.
 12776 | D:10     | Noticed Sonja
 12800 | D:10     | Asphyxiated
 12801 | D:10     | Reached XP level 9. HP: -1/36 MP: 0/24
 12926 | D:11     | Found a staircase to the Lair.
 12986 | D:11     | Engulfed by their own flame
 12987 | D:11     | Reached XP level 8. HP: -10/34 MP: 0/23
 12988 | D:11     | Noticed a troll
 13010 | D:11     | Killed a troll
 13011 | D:11     | Reached skill level 5 in Dodging
 13011 | D:11     | Reached XP level 9. HP: 27/37 MP: 6/24
 13040 | D:11     | Noticed a troll
 13041 | D:11     | Mangled by a vampire mosquito

Illustrated notes

Levels and vault maps discovered:
D:1:      minmay_arrival_three_doors, layout_basic, minmay_misc_feat_tiny,
          kennysheep_boxes
D:2:      layout_basic, uniq_sigmund, uniq_terence
D:3:      layout_basic, cheibriados_altar_1, serial_glass, glass_columns_a,
          glass_columns_c, lightli_sewer_entry_pipes, serial_shops, shop,
          minmay_misc_feat_plants
D:4:      layout_basic
D:5:      layout_basic, nicolae_take_the_stairs, uniq_prince_ribbit1
D:6:      layout_cave_pools, chequers_temple_overflow_minitemple,
          minmay_temple_entry_mini_moons, uniq_edmund
D:7:      layout_loops_ring, hangedman_decor_growths, grunt_decor_resistance,
          minivault_22, uniq_crazy_yiuf_cottage
D:8:      layout_basic, mainiacjoe_overflow_paths, fedhas_altar_decomposition,
          uniq_amaemon, uniq_psyche, uniq_joseph
D:9:      layout_loops_ring, mainiacjoe_overflow_boulevard
D:10:     layout_basic, orc_0_dummy, serial_shops, shop,
          gammafunk_ghost_berserking_beasts, nicolae_specific_store, uniq_sonja
D:11:     layout_roguey [special_room_orc], lair_entry_dummy
Temple:   compressed_dpeg_circular_temple

Skill      XL: |  1  2  3  4  5  6  7  8  9 10 |
---------------+-------------------------------+-----
Spellcasting   | 3 4 5 6 7 10 | 10.0
Summonings     | 5 6 7 9 10 | 10.0
Hexes          | 5 |  5.0
Air Magic      | 1 7 |  7.0
Dodging        | 5 4 |  5.0
Fighting       | 3 2 |  3.0
Stealth        | |  2.6

Action                   |  1- 3 |  4- 6 |  7- 9 | 10-12 || total
-------------------------+-------+-------+-------+-------++-------
Melee: Unarmed           |    14 |    41 |    37 |     2 ||    94
       Bite              |       |     6 |     9 |       ||    15
       Punch             |       |     1 |     1 |       ||     2
 Cast: Summon Small Mamm |    54 |    71 |    78 |    13 ||   216
       Call Imp          |     4 |    26 |    34 |    10 ||    74
       Call Canine Famil |       |       |    47 |    16 ||    63
       Summon Guardian G |       |       |    23 |    16 ||    39
       Summon Lightning  |       |       |     2 |    17 ||    19
Invok: Potion Petition   |       |       |     1 |       ||     1
  Use: Potion            |       |     1 |     4 |     1 ||     6
       Scroll            |       |       |     7 |     4 ||    11
 Stab: Distracted        |       |     1 |       |       ||     1
       Sleeping          |       |       |     1 |       ||     1
Armor: Skin              |     3 |    26 |     5 |     2 ||    36
Dodge: Dodged            |    50 |   163 |   102 |    35 ||   350

Table legend: (Time is in decaauts)
 A = Elapsed time spent in this place.
 B = Non-inter-level travel time spent in this place.
 C = Inter-level travel time spent in this place.
 D = Time resting spent in this place.
 E = Time spent auto-exploring this place.
 F = Levels seen in this place.
 G = Mean time per level.
                   A        B        C        D        E       F      G
               +--------+--------+--------+--------+--------+-----+--------+
         Total |  11656 |  11241 |    415 |    100 |   7761 |  13 |  896.6 |
       Dungeon |  10642 |  10248 |    394 |    100 |   7152 |  11 |  967.5 |
        Temple |     95 |     74 |     21 |      0 |     47 |   1 |   95.0 |
         Sewer |    918 |    918 |      0 |      0 |    562 |   1 |  918.0 |
               +--------+--------+--------+--------+--------+-----+--------+

Top non-repeatable levels by time:
     D:8: 1874 daAuts
     D:9: 1153 daAuts
     D:2: 1125 daAuts
     D:7: 1107 daAuts
     D:6: 1081 daAuts
     D:3: 1039 daAuts
     D:4: 1020 daAuts
     D:5: 975 daAuts
   Sewer: 918 daAuts
     D:1: 900 daAuts
    D:10: 257 daAuts
    D:11: 107 daAuts
  Temple: 95 daAuts
